 Dungeon Crawl Stone Soup version 0.23-a0-189-gc87c613 (webtiles) character file.

1733 Felrender the Slasher (level 8, 0/70 HPs)
             Began as a Minotaur Fighter on Sept 23, 2018.
             Was a Follower of Nemelex Xobeh.
             Slain by a hornet (12 damage)
             ... on level 7 of the Dungeon.
             The game lasted 00:11:51 (4334 turns).

Felrender the Slasher (Minotaur Fighter)            Turns: 4334, Time: 00:11:51

Health: 0/70       AC:  8    Str: 23    XL:     8   Next: 76%
Magic:  7/7        EV:  9    Int:  5    God:    Nemelex Xobeh [*.....]
Gold:   33         SH: 12    Dex: 10    Spells: 7/7 levels left

rFire    + . .     SeeInvis .   a - +0 long sword
rCold    . . .     Gourm    .   c - +1 shield
rNeg     . . .     Faith    .   t - +1 scale mail {rF+}
rPois    .         Spirit   .   (helmet restricted)
rElec    .         Reflect  .   r - scarf {cloud immunity}
rCorr    .         Harm     .   (no gloves)
MR       .....                  (no boots)
Stlth    ..........             (no amulet)
HPRegen  0.21/turn              (no ring)
MPRegen  0.10/turn              (no ring)

@: slowed, very slow
A: retaliatory headbutt, horns 2
a: Renounce Religion


You were on level 7 of the Dungeon.
You worshipped Nemelex Xobeh.
Nemelex Xobeh was aware of your devotion.
You were not hungry.

You visited 1 branch of the dungeon, and saw 5 of its levels.

You collected 265 gold pieces.
You spent 232 gold pieces at shops.

Inventory:

Hand Weapons
 a - a +0 long sword (weapon)
 v - a cursed -2 club
Armour
 c - a +1 shield (worn)
 r - a scarf of cloud immunity (worn)
 t - a +1 scale mail of fire resistance (worn)
Jewellery
 l - an uncursed ring of ice
Scrolls
 q - 2 scrolls of magic mapping
 u - a scroll of fog {unknown}
Potions
 e - 2 potions of heal wounds {unknown}
 g - a potion of berserk rage {unknown}
 h - a potion of flight
 i - a potion of haste {unknown}
 j - a potion of agility {unknown}
 m - a potion of mutation {unknown}
 o - a potion of degeneration {unknown}
 p - a potion of resistance
Miscellaneous
 k - a plain deck of summoning
Comestibles
 f - 4 rations
 s - 10 chunks of flesh


   Skills:
 + Level 6.0 Fighting
 + Level 7.4 Long Blades
 + Level 5.9 Armour
 + Level 2.9 Dodging
 + Level 0.2 Stealth
 + Level 7.3 Shields
 * Level 4.9 Unarmed Combat


You had 7 spell levels left.
You didn't know any spells.
Your spell library contained the following spells:

 Spells                   Type           Power        Failure   Level  Hunger
 Animate Skeleton         Necr           N/A          98%         1    ##.....
 Apportation              Tloc           #.....       98%         1    ##.....
 Confusing Touch          Hex            #.....       98%         1    ##.....
 Corona                   Hex            #......      98%         1    ##.....
 Summon Small Mammal      Summ           #...         98%         1    ##.....
 Ensorcelled Hibernation  Hex/Ice        #.....       99%         2    ###....
 Confuse                  Hex            #.......     100%        3    ####...
 Dazzling Spray           Conj/Hex       #.....       100%        3    ####...
 Gell's Gravitas          Tloc           #.........   100%        3    ####...
 Tukima's Dance           Hex            #.......     100%        3    ####...
 Petrify                  Tmut/Erth      #.......     100%        4    #####..
 Metabolic Englaciation   Hex/Ice        #.........   100%        5    ######.
 Yara's Violent Unravell  Hex/Tmut       #.........   100%        5    ######.


Dungeon Overview and Level Annotations

Branches:
Dungeon (7/15)
 Temple: D:4-7

Altars:
Makhleb
Nemelex Xobeh
Sif Muna

Shops:
D:7 [


Innate Abilities, Weirdness & Mutations

You reflexively headbutt those who attack you in melee.
You have a pair of horns on your head.


Message History

You hit the hornet.
The hornet is severely wounded.
You feel sick. The hornet stings you!
* * * LOW HITPOINT WARNING * * *
You feel as though you will be slow longer.
You block the hornet's attack.
The hornet stings you but does no damage.
It was a potion of curing.
You feel better. The hornet barely misses you. You furiously retaliate!
You headbutt the hornet, but do no damage.
You riposte.
You miss the hornet.
The hornet is severely wounded.
The hornet stings you!
* * * LOW HITPOINT WARNING * * *
You feel as though you will be slow longer.
You feel better.
The hornet stings you but does no damage.
The hornet stings you!
You die...
Your body glows slightly and disappears. #....).....## ............# ............# ............# #..........#### ...#........## # #.######..# .## #..# ##.#### .....# ##.# #@yoo#

....... #.#
####.##
........
#.## #..##
..o.. #
#..##
##..#......
##..#
##.o......
##.#
###.....)
#.# ......
####.#
..... #
#....##
.### #


You could see a hornet and 2 orcs.

Vanquished Creatures
  The ghost of JimmyWheeler the Vexing, an amateur KoEn (D:3)
  An orc warrior (D:7)
  An ice beast (D:6)
  An ogre (D:6)
  2 centaurs
  2 bullfrogs (D:6)
  3 wights (D:7)
  A howler monkey (D:6)
  A crimson imp (D:6)
  6 orc wizards
  A quasit (D:6)
  A hound (D:7)
  A bullfrog skeleton (D:6)
  6 orc priests
  Jessica (D:2)
  2 iguanas
  3 worker ants
  Robin (D:2)
  3 gnolls (D:3)
  6 adders
  A shadow imp (D:6)
  2 oozes
  3 worms
  2 dart slugs (D:1)
  A leopard gecko (D:1)
  23 orcs
  3 ball pythons
  12 bats
  2 giant cockroaches
  27 goblins
  11 hobgoblins
  3 jackals (D:6)
  4 quokkas
  8 frilled lizards
  5 kobolds
  3 rats
154 creatures vanquished.

Vanquished Creatures (others)
  An orc wizard (D:7)
1 creature vanquished.

Grand Total: 155 creatures vanquished

Notes
Turn   | Place    | Note
-------+----------+-------------------------------------------
     0 | D:1      | Felrender the Minotaur Fighter began the quest for the Orb.
     0 | D:1      | Reached XP level 1. HP: 19/19 MP: 0/0
   139 | D:1      | Reached XP level 2. HP: 27/27 MP: 1/1
   306 | D:1      | Reached skill level 1 in Unarmed Combat
   464 | D:1      | Reached XP level 3. HP: 33/33 MP: 2/2
   757 | D:2      | Found a sparkling altar of Nemelex Xobeh.
   761 | D:2      | Became a worshipper of Nemelex Xobeh the Trickster
   782 | D:2      | Noticed Robin
   808 | D:2      | Killed Robin
   818 | D:2      | Reached XP level 4. HP: 19/40 MP: 3/3
  1109 | D:2      | Received a gift from Nemelex Xobeh
  1458 | D:2      | Noticed Jessica
  1466 | D:2      | Killed Jessica
  1466 | D:2      | Reached skill level 5 in Shields
  1466 | D:2      | Reached XP level 5. HP: 27/47 MP: 4/4
  1518 | D:2      | Reached skill level 1 in Dodging
  1971 | D:3      | Found a runed gate.
  1973 | D:3      | Found a runed gate.
  1974 | D:3      | Found a runed gate.
  1976 | D:3      | Noticed JimmyWheeler's ghost (amateur KoEn)
  1987 | D:3      | Killed JimmyWheeler's ghost
  1987 | D:3      | Reached XP level 6. HP: 55/55 MP: 5/5
  2023 | D:3      | HP: 1/55 [gnoll/flail of protection (10)]
  2525 | D:3      | Reached skill level 5 in Fighting
  2525 | D:3      | Reached skill level 5 in Armour
  2685 | D:3      | Reached * piety under Nemelex Xobeh
  2721 | D:3      | You fall through a shaft for 3 floors!
  2759 | D:6      | Reached XP level 7. HP: 60/61 MP: 6/6
  2805 | D:6      | Reached skill level 5 in Long Blades
  3086 | D:6      | Reached XP level 8. HP: 27/69 MP: 7/7
  3410 | D:6      | Found a sparkling altar of Nemelex Xobeh.
  3841 | D:7      | Found Iqigen's Antique Armour Shoppe.
  3849 | D:7      | Bought a glowing scarf for 232 gold pieces
  3874 | D:7      | Found a burning altar of Makhleb.
  3914 | D:7      | Found a deep blue altar of Sif Muna.
  4310 | D:7      | Noticed a hornet
  4331 | D:7      | Paralysed by a hornet for 1 turns
  4333 | D:7      | HP: 2/70 [hornet (11)]
  4334 | D:7      | Slain by a hornet

Vault maps used:
D:1:      minmay_arrival_pointy, minmay_misc_feat_iff
D:2:      cheibrodos_greedy_goblins, nemelex_dance_club_becter, uniq_robin,
          uniq_jessica
D:3:      ebering_ghost_rock_garden
D:6:      nemelex_altar_shiori
D:7:      led_sif_pool, kennysheep_little_box, basic_altar, serial_shops,
          nicolae_shop_temple_entry_statues_fountains

Skill      XL: |  1  2  3  4  5  6  7  8 |
---------------+-------------------------+-----
Armour         | 4 5 |  5.9
Unarmed Combat | 1 2 4 |  4.9
Shields        | 4 5 6 7 |  7.3
Fighting       | 4 5 6 |  6.0
Long Blades    | 3 4 6 7 |  7.4
Dodging        | 1 2 |  2.9
Stealth        | |  0.2

Action                   |  1- 3 |  4- 6 |  7- 9 || total
-------------------------+-------+-------+-------++-------
Melee: Long sword        |    82 |   178 |   201 ||   461
       Headbutt          |    10 |    24 |    31 ||    65
  Use: Scroll            |     4 |     1 |     5 ||    10
       Potion            |       |     1 |     5 ||     6
  Eat: Chunk             |       |     5 |       ||     5
       Ration            |       |     1 |     1 ||     2
Armor: Scale mail        |    29 |    37 |     3 ||    69
       Chain mail        |       |    11 |    56 ||    67
       Skin              |       |       |    30 ||    30
Dodge: Dodged            |    30 |    63 |    37 ||   130
Block: Shield            |    50 |   112 |   126 ||   288
       Rpst.: Long sword |     4 |    15 |    16 ||    35

Table legend:
 A = Non-vault XP
 B = Vault XP
 C = Vault XP percentage of total XP
 D = Non-vault monster count
 E = Vault monster count
 F = Vault count percentage of total count
                 A         B        C        D         E       F
            +---------+---------+-------+---------+---------+-------
      Total |    2216 |     260 |  10.5 |     127 |      28 |  18.1
            +---------+---------+-------+---------+---------+-------
        D:1 |      42 |       0 |   0.0 |      19 |       0 |   0.0
        D:2 |     100 |     109 |  52.2 |      24 |      27 |  52.9
        D:3 |     321 |     151 |  32.0 |      30 |       1 |   3.2
        D:6 |    1004 |       0 |   0.0 |      37 |       0 |   0.0
        D:7 |     749 |       0 |   0.0 |      17 |       0 |   0.0
            +---------+---------+-------+---------+---------+-------
